| TOP OF THE 1ST |
|
Ocean City Blue Crabs batting - Pitching for Milwaukee Otters : RHP Willie Blair
|
|
Pitching: RHP Willie Blair
|
|
|
Batting: RHB Jarvis Brown
|
0-0: Foul Ball, location: 2F 0-1: Ball 1-1: Swinging Strike 1-2: Strikes out swinging
|
|
Batting: RHB Pat F. Kelly
|
0-0: Ball 1-0: Called Strike 1-1: Ball 2-1: Called Strike 2-2: Strikes out swinging
|
|
Batting: LHB Brad Fullmer
|
0-0: Foul Ball, location: 2F 0-1: Swinging Strike 0-2: Ball 1-2: Ball 2-2: Ball 3-2: Foul Ball, location: 2F 3-2: Foul Ball, location: 2F 3-2: Foul Ball, location: 2F 3-2: Fly out, F4 (Popup, 34S, EV 78.8 MPH)
|
| Top of the 1st over - 0 runs, 0 hits, 0 errors, 0 left on base; Ocean City 0 - Milwaukee 0 |
| BOTTOM OF THE 1ST |
|
Milwaukee Otters batting - Pitching for Ocean City Blue Crabs : RHP Chad Ogea
|
|
Pitching: RHP Chad Ogea
|
|
|
Batting: RHB Chris Sabo
|
0-0: Ground out 1-3 (Groundball, 13, EV 90.6 MPH)
|
|
Batting: RHB Carlos A. Martinez
|
0-0: Called Strike 0-1: Ball 1-1: Ball 2-1: Ground out 6-3 (Groundball, 6, EV 80.0 MPH)
|
|
Batting: LHB Brady Anderson
|
0-0: Foul Ball, location: 2F 0-1: Ball 1-1: Ball 2-1: Called Strike 2-2: Strikes out swinging
|
| Bottom of the 1st over - 0 runs, 0 hits, 0 errors, 0 left on base; Ocean City 0 - Milwaukee 0 |
| TOP OF THE 2ND |
|
Ocean City Blue Crabs batting - Pitching for Milwaukee Otters : RHP Willie Blair
|
|
Batting: SHB Junior Felix
|
0-0: Called Strike 0-1: Called Strike 0-2: Strikes out swinging
|
|
Batting: LHB Curtis Pride
|
0-0: Ball 1-0: Ball 2-0: Called Strike 2-1: Swinging Strike 2-2: Foul Ball, location: 2F 2-2: Strikes out swinging
|
|
Batting: RHB Scott Leius
|
0-0: Called Strike 0-1: Ball 1-1: Ball 2-1: Ball 3-1: Base on Balls
|
|
Batting: RHB Jeff Abbott
|
0-0: SINGLE (Line Drive, 6D, EV 101.3 MPH) Scott Leius to second
|
|
Batting: RHB Einar Diaz
|
0-0: Ball 1-0: Ball 2-0: Called Strike 2-1: Ball 3-1: Called Strike 3-2: Ground out 5-3 (Groundball, 56, EV 83.1 MPH)
|
| Top of the 2nd over - 0 runs, 1 hit, 0 errors, 2 left on base; Ocean City 0 - Milwaukee 0 |
| BOTTOM OF THE 2ND |
|
Milwaukee Otters batting - Pitching for Ocean City Blue Crabs : RHP Chad Ogea
|
|
Batting: LHB Oddibe McDowell
|
0-0: Ball 1-0: Called Strike 1-1: SINGLE (Flyball, 78S, EV 89.4 MPH)
|
|
Batting: LHB Frank Catalanotto
|
0-0: Ball 1-0: Ball 2-0: Called Strike 2-1: Foul Ball, location: 2F 2-2: Foul Ball, location: 2F 2-2: Strikes out swinging
|
|
Batting: RHB Robby Thompson
|
0-0: Ball 1-0: Foul Ball, location: 2F 1-1: Fly out, F9 (Line Drive, 9, EV 91.3 MPH)
|
|
Batting: LHB Deion Sanders
|
0-0: Swinging Strike 0-1: Ball 1-1: Ball 2-1: Fielders Choice at 2nd, 5-4 (Groundball, 56, EV 81.3 MPH)
|
| Bottom of the 2nd over - 0 runs, 1 hit, 0 errors, 1 left on base; Ocean City 0 - Milwaukee 0 |
| TOP OF THE 3RD |
|
Ocean City Blue Crabs batting - Pitching for Milwaukee Otters : RHP Willie Blair
|
|
Batting: RHB Manny Alexander
|
0-0: Ball 1-0: Ball 2-0: Foul Ball, location: 2F 2-1: Ball 3-1: Fly out, F3 (Popup, 3S, EV 72.5 MPH)
|
|
Batting: RHB Jarvis Brown
|
0-0: Ball 1-0: Called Strike 1-1: Foul Ball, location: 2F 1-2: Strikes out swinging
|
|
Batting: RHB Pat F. Kelly
|
0-0: SINGLE (Flyball, 78M, EV 96.9 MPH)
|
|
Batting: LHB Brad Fullmer
|
0-0: Reached on error, E6 (Line Drive, 6, EV 71.3 MPH) Pat F. Kelly to second
|
|
Batting: SHB Junior Felix
|
0-0: Called Strike 0-1: Ball 1-1: Foul Ball, location: 2F 1-2: Ball 2-2: Ground out U3 (Groundball, 3, EV 88.8 MPH)
|
| Top of the 3rd over - 0 runs, 1 hit, 1 error, 2 left on base; Ocean City 0 - Milwaukee 0 |
| BOTTOM OF THE 3RD |
|
Milwaukee Otters batting - Pitching for Ocean City Blue Crabs : RHP Chad Ogea
|
|
Batting: RHB Joe Vitiello
|
0-0: Called Strike 0-1: Ball 1-1: Ball 2-1: Called Strike 2-2: Foul Ball, location: 2F 2-2: Strikes out swinging, 2-3 out at first.
|
|
Batting: LHB Lou Whitaker
|
0-0: Ball 1-0: Ground out 4-3 (Groundball, 4, EV 102.5 MPH)
|
|
Batting: RHB Chris Sabo
|
0-0: Ball 1-0: Ball 2-0: Ground out 6-3 (Groundball, 56, EV 86.9 MPH)
|
| Bottom of the 3rd over - 0 runs, 0 hits, 0 errors, 0 left on base; Ocean City 0 - Milwaukee 0 |
| TOP OF THE 4TH |
|
Ocean City Blue Crabs batting - Pitching for Milwaukee Otters : RHP Willie Blair
|
|
Batting: LHB Curtis Pride
|
0-0: Called Strike 0-1: Ball 1-1: Fly out, F8 (Flyball, 8LM, EV 90.6 MPH)
|
|
Batting: RHB Scott Leius
|
0-0: Called Strike 0-1: Ball 1-1: Swinging Strike 1-2: Ball 2-2: Foul Ball, location: 2F 2-2: Foul Ball, location: 2F 2-2: SINGLE (Line Drive, 89S, EV 111.3 MPH)
|
|
Batting: RHB Jeff Abbott
|
0-0: Foul Ball, location: 2F 0-1: Fly out, F2 (Popup, 15S, EV 86.3 MPH)
|
|
Batting: RHB Einar Diaz
|
0-0: Ball 1-0: Foul Ball, location: 2F 1-1: Foul Ball, location: 2F 1-2: Fly out, F4 (Popup, 34, EV 71.3 MPH)
|
| Top of the 4th over - 0 runs, 1 hit, 0 errors, 1 left on base; Ocean City 0 - Milwaukee 0 |
| BOTTOM OF THE 4TH |
|
Milwaukee Otters batting - Pitching for Ocean City Blue Crabs : RHP Chad Ogea
|
|
Batting: RHB Carlos A. Martinez
|
0-0: Called Strike 0-1: Foul Ball, location: 2F 0-2: Ball 1-2: Foul Ball, location: 2F 1-2: Strikes out swinging
|
|
Batting: LHB Brady Anderson
|
0-0: Ground out 6-3 (Groundball, 6, EV 80.6 MPH)
|
|
Batting: LHB Oddibe McDowell
|
0-0: Ball 1-0: Ball 2-0: Called Strike 2-1: Ball 3-1: Fly out, F7 (Flyball, 7D, EV 83.1 MPH)
|
| Bottom of the 4th over - 0 runs, 0 hits, 0 errors, 0 left on base; Ocean City 0 - Milwaukee 0 |
| TOP OF THE 5TH |
|
Ocean City Blue Crabs batting - Pitching for Milwaukee Otters : RHP Willie Blair
|
|
Batting: RHB Manny Alexander
|
0-0: Ball 1-0: Called Strike 1-1: Foul Ball, location: 2F 1-2: Ground out 4-3 (Groundball, 4, EV 104.4 MPH)
|
|
Batting: RHB Jarvis Brown
|
0-0: Ball 1-0: Foul Ball, location: 2F 1-1: Ball 2-1: SINGLE (Groundball, 6MD, EV 96.3 MPH)
|
|
Batting: RHB Pat F. Kelly
|
0-0: Ball 1-0: Ball 2-0: Foul Ball, location: 2F 2-1: Ball 3-1: Base on Balls Jarvis Brown to second
|
|
Batting: LHB Brad Fullmer
|
0-0: Ball 1-0: Ball 2-0: Fly out, F9 (Flyball, 9S, EV 93.8 MPH)
|
|
Batting: SHB Junior Felix
|
0-0: Foul Ball, location: 2F 0-1: Ball Passed Ball! Jarvis Brown to third Pat F. Kelly to second 1-1: Ball 2-1: Called Strike 2-2: Ball 3-2: Foul Ball, location: 2F 3-2: Fly out, F6 (Line Drive, 6, EV 61.9 MPH)
|
| Top of the 5th over - 0 runs, 1 hit, 0 errors, 2 left on base; Ocean City 0 - Milwaukee 0 |
| BOTTOM OF THE 5TH |
|
Milwaukee Otters batting - Pitching for Ocean City Blue Crabs : RHP Chad Ogea
|
|
Batting: LHB Frank Catalanotto
|
0-0: Swinging Strike 0-1: Ball 1-1: Foul Ball, location: 2F 1-2: Strikes out swinging
|
|
Batting: RHB Robby Thompson
|
0-0: Ball 1-0: Swinging Strike 1-1: Foul Ball, location: 2F 1-2: Ball 2-2: Ball 3-2: Fly out, F8 (Flyball, 89D, EV 105.6 MPH)
|
|
Batting: LHB Deion Sanders
|
0-0: Ball 1-0: Fly out, F8 (Line Drive, 8LM, EV 85.6 MPH)
|
| Bottom of the 5th over - 0 runs, 0 hits, 0 errors, 0 left on base; Ocean City 0 - Milwaukee 0 |
| TOP OF THE 6TH |
|
Ocean City Blue Crabs batting - Pitching for Milwaukee Otters : RHP Willie Blair
|
|
Batting: LHB Curtis Pride
|
0-0: Ball 1-0: Foul Ball, location: 2F 1-1: Ball 2-1: Fly out, F6 (Flyball, 56D, EV 92.5 MPH)
|
|
Batting: RHB Scott Leius
|
0-0: Ball 1-0: Ball 2-0: Ball 3-0: Called Strike 3-1: Ground out 4-3 (Groundball, 4, EV 85.0 MPH)
|
|
Batting: RHB Jeff Abbott
|
0-0: Called Strike 0-1: Foul Ball, location: 2F 0-2: Foul Ball, location: 2F 0-2: Foul Ball, location: 2F 0-2: Ball 1-2: Ball 2-2: Ball 3-2: Fly out, F9 (Flyball, 89M, EV 87.5 MPH)
|
| Top of the 6th over - 0 runs, 0 hits, 0 errors, 0 left on base; Ocean City 0 - Milwaukee 0 |
| BOTTOM OF THE 6TH |
|
Milwaukee Otters batting - Pitching for Ocean City Blue Crabs : RHP Chad Ogea
|
|
Batting: RHB Joe Vitiello
|
0-0: Ball 1-0: Ball 2-0: Foul Ball, location: 2F 2-1: Ball 3-1: Fly out, F9 (Flyball, 9LS, EV 91.3 MPH)
|
|
Batting: LHB Lou Whitaker
|
0-0: Ball 1-0: Foul Ball, location: 2F 1-1: Called Strike 1-2: Foul Ball, location: 2F 1-2: Ball 2-2: SOLO HOME RUN (Flyball, 9D, EV 95.6 MPH), Distance : 393 ft
|
|
Batting: RHB Chris Sabo
|
0-0: Ground out 5-3 (Groundball, 56, EV 96.3 MPH)
|
|
Batting: RHB Carlos A. Martinez
|
0-0: Ball 1-0: Called Strike 1-1: SINGLE (Line Drive, 9LS, EV 100.6 MPH)
|
|
Batting: LHB Brady Anderson
|
0-0: Ball 1-0: Fly out, F8 (Line Drive, 8LD, EV 87.5 MPH)
|
| Bottom of the 6th over - 1 run, 2 hits, 0 errors, 1 left on base; Ocean City 0 - Milwaukee 1 |
| TOP OF THE 7TH |
|
Ocean City Blue Crabs batting - Pitching for Milwaukee Otters : RHP Willie Blair
|
|
Batting: RHB Einar Diaz
|
0-0: Called Strike 0-1: Called Strike 0-2: Ball 1-2: Ball 2-2: Ball 3-2: Fly out, F9 (Flyball, 9LS, EV 96.3 MPH)
|
|
Batting: RHB Manny Alexander
|
0-0: Ball 1-0: Ball 2-0: Called Strike 2-1: Fly out, F8 (Flyball, 8RD, EV 95.0 MPH)
|
|
Batting: RHB Jarvis Brown
|
0-0: Ball 1-0: Swinging Strike 1-1: Ground out 6-3 (Groundball, 6, EV 103.8 MPH)
|
| Top of the 7th over - 0 runs, 0 hits, 0 errors, 0 left on base; Ocean City 0 - Milwaukee 1 |
| BOTTOM OF THE 7TH |
|
Milwaukee Otters batting - Pitching for Ocean City Blue Crabs : RHP Chad Ogea
|
|
Batting: LHB Oddibe McDowell
|
0-0: Swinging Strike 0-1: Foul Ball, location: 2F 0-2: Ball 1-2: Strikes out looking
|
|
Batting: LHB Frank Catalanotto
|
0-0: Swinging Strike 0-1: Fly out, F9 (Flyball, 9LS, EV 75.6 MPH)
|
|
Batting: RHB Robby Thompson
|
0-0: Fly out, F4 (Flyball, 4MD, EV 84.4 MPH)
|
| Bottom of the 7th over - 0 runs, 0 hits, 0 errors, 0 left on base; Ocean City 0 - Milwaukee 1 |
| TOP OF THE 8TH |
|
Ocean City Blue Crabs batting - Pitching for Milwaukee Otters : RHP Willie Blair
|
|
Pitching: RHP Todd Ritchie
|
|
|
Batting: RHB Pat F. Kelly
|
0-0: Called Strike 0-1: Ball 1-1: Ball 2-1: Fly out, F7 (Flyball, 7LS, EV 82.5 MPH)
|
|
Batting: LHB Brad Fullmer
|
0-0: Ball 1-0: Called Strike 1-1: Swinging Strike 1-2: Ball 2-2: Fly out, F9 (Flyball, 9, EV 80.0 MPH)
|
|
Batting: SHB Junior Felix
|
0-0: Called Strike 0-1: Fly out, F7 (Line Drive, 7, EV 88.8 MPH)
|
| Top of the 8th over - 0 runs, 0 hits, 0 errors, 0 left on base; Ocean City 0 - Milwaukee 1 |
| BOTTOM OF THE 8TH |
|
Milwaukee Otters batting - Pitching for Ocean City Blue Crabs : RHP Chad Ogea
|
|
Batting: LHB Deion Sanders
|
0-0: Called Strike 0-1: Ball 1-1: Ball 2-1: Ball 3-1: SINGLE (Groundball, 4D, EV 93.8 MPH)
|
|
Batting: RHB Joe Vitiello
|
0-0: Called Strike 0-1: Called Strike 0-2: Foul Ball, location: 2F 0-2: Ball 1-2: Strikes out swinging
|
|
Batting: LHB Lou Whitaker
|
0-0: Foul Ball, location: 2F 0-1: Grounds into double play, 4-6-3 (Groundball, 4D, EV 105.0 MPH)
|
| Bottom of the 8th over - 0 runs, 1 hit, 0 errors, 0 left on base; Ocean City 0 - Milwaukee 1 |
| TOP OF THE 9TH |
|
Ocean City Blue Crabs batting - Pitching for Milwaukee Otters : RHP Todd Ritchie
|
|
Now at 2B: Tony Graffanino
|
|
|
Batting: LHB Curtis Pride
|
0-0: Swinging Strike 0-1: Ball 1-1: Ball 2-1: Ball 3-1: Base on Balls
|
|
Batting: RHB Scott Leius
|
0-0: Ball 1-0: Bunted foul 1-1: Sac Bunt to 5S - play at first, batter OUT! 5-4 Curtis Pride to second
|
|
Batting: RHB Jeff Abbott
|
0-0: Called Strike 0-1: Ball 1-1: Foul Ball, location: 2F 1-2: Ball 2-2: Ball 3-2: Base on Balls
|
|
Batting: RHB Einar Diaz
|
0-0: DOUBLE (Line Drive, 8LXD, EV 104.4 MPH) Curtis Pride scores Jeff Abbott to third Runner from 3rd tries for Home, SAFE, throw by CF to trailing runner, SAFE at third!
|
|
Pitching: RHP Dan Miceli
|
|
|
Batting: RHB Manny Alexander
|
0-0: Called Strike 0-1: Foul Ball, location: 2F 0-2: Ball 1-2: SINGLE (Groundball, 5D, EV 95.6 MPH) Einar Diaz scores
|
|
Batting: RHB Jarvis Brown
|
0-0: Ball 1-0: Called Strike Manny Alexander steals 2nd base 1-1: Ball 2-1: Foul Ball, location: 2F 2-2: Strikes out swinging
|
|
Batting: RHB Pat F. Kelly
|
0-0: Called Strike 0-1: Ball 1-1: Swinging Strike 1-2: Strikes out swinging
|
| Top of the 9th over - 3 runs, 2 hits, 0 errors, 1 left on base; Ocean City 3 - Milwaukee 1 |
| BOTTOM OF THE 9TH |
|
Milwaukee Otters batting - Pitching for Ocean City Blue Crabs : RHP Chad Ogea
|
|
Pitching: RHP Brian Bevil
|
|
|
Now at SS: Cheron Farley
|
|
|
Batting: RHB Tony Graffanino
|
0-0: Swinging Strike 0-1: Ball 1-1: Fly out, F8 (Line Drive, 8LD, EV 93.1 MPH)
|
|
Batting: RHB Carlos A. Martinez
|
0-0: Fly out, F8 (Flyball, 89D, EV 101.9 MPH)
|
|
Batting: LHB Brady Anderson
|
0-0: Ball 1-0: Foul Ball, location: 2F 1-1: Swinging Strike 1-2: Ball 2-2: Ball 3-2: Ground out 5-3 (Groundball, 5L, EV 85.0 MPH)
|
| Bottom of the 9th over - 0 runs, 0 hits, 0 errors, 0 left on base; Ocean City 3 - Milwaukee 1 |
|